Map: Lost and Found LE

Players

Snute - Winner!

  • Race: Zerg Zerg
  • Spawn Location: 7:00

Mackintac

  • Race: Zerg Zerg
  • Spawn Location: 1:00

Event: WCS Austin 2018

VOD

Have the link to the VOD?

Description

Time

  • Played on: June 1, 2018, 3:02 p.m.
  • Length: 6:53

All games in this series

Show
View Real Time Build Order
Export as new Build Order

Snute Zerg - Winner!

Build Orders: Hatch First 

Get SALT Encoding   

  12  0:00  Drone  
  13  0:12  Overlord  
  13  0:16  Drone  
  14  0:30  Drone x2  
  14  0:34  Drone  
  17  0:51  Hatchery  
  17  0:53  Drone  
  17  0:57  Drone  
  18  0:59  Extractor  
  17  1:12  Spawning Pool  
  17  1:15  Drone  
  17  1:18  Drone  
  18  1:28  Drone  
  19  1:38  Overlord  
  19  1:49  Drone  
  20  1:59  Queen  
  22  2:02  Zergling x2  
  22  2:04  Zergling x2  
  22  2:05  Queen  
  26  2:11  Zergling x2  
  27  2:17  Zergling x2  
  26  2:23  Spine Crawler  
  26  2:24  Zergling x2  
  26  2:27  Zergling x2  
  27  2:35  Zergling x2  
  27  2:39  Zergling x2  
  28  2:47  Zergling x4  
  27  2:53  Queen  
  27  2:57  Zergling x2  
  27  2:58  Zergling x2  
  28  3:07  Queen  
  29  3:14  Zergling x4  
  30  3:21  Zergling x4  
  29  3:29  Zergling x4  
  29  3:33  Queen  
  29  3:41  Zergling x2  
  29  3:45  Zergling x2  
  28  3:54  Queen  
  30  4:00  Zergling x4  
  29  4:03  Zergling x2  
  30  4:12  Queen  
  30  4:16  Zergling x2  
  35  4:43  Spine Crawler  
  34  4:48  Queen  
  34  4:51  Overlord  
  34  5:02  Metabolic Boost  
  34  5:06  Overlord  
  34  5:12  Hatchery  
  33  5:16  Zergling x4  
  35  5:28  Queen  
  37  5:37  Drone x2  
  37  5:40  Drone  
  40  5:46  Drone  
  40  5:49  Drone  
  42  5:56  Baneling Nest  
  41  6:00  Drone  
  42  6:08  Overlord  
  42  6:14  Overlord  
  42  6:17  Drone  
  43  6:23  Drone  
  41  6:33  Zergling x4  
  41  6:36  Zergling x2  
Show
View Real Time Build Order
Export as new Build Order

Mackintac Zerg 

Build Orders: Pool First, Zergling Baneling 

Get SALT Encoding   

  12  0:18  Spawning Pool  
  12  0:21  Drone  
  12  0:25  Drone  
  13  0:30  Drone  
  13  0:35  Extractor  
  13  0:41  Overlord  
  13  1:05  Zergling x6  
  13  1:07  Queen  
  18  1:18  Zergling x2  
  19  1:31  Zergling x2  
  20  1:38  Metabolic Boost  
  20  1:41  Zergling x2  
  21  1:52  Zergling x2  
  22  1:58  Baneling Nest  
  21  2:05  Overlord  
  21  2:11  Zergling x2  
  22  2:23  Zergling x6  
  24  2:43  Zergling x4  
  23  2:54  Zergling x6  
  25  3:05  Baneling x5  
  25  3:16  Zergling x4  
  22  3:37  Baneling  
  21  3:43  Zergling x6  
  21  3:44  Zergling x2  
  20  4:02  Zergling x4  
  21  4:03  Zergling x4  
  22  4:11  Zergling x2  
  23  4:23  Overlord  
  23  4:33  Baneling x6  
  22  4:48  Zergling x8  
  21  5:01  Zergling x2  
  21  5:03  Zergling x6  
  24  5:08  Baneling x2  
  24  5:11  Drone  
  25  5:20  Drone  
  24  5:37  Drone x4  
  25  5:53  Hatchery  
  24  5:57  Drone  
  24  6:04  Drone x2  
  27  6:06  Zergling x2  
  29  6:15  Drone  
  26  6:28  Drone x2  
  28  6:39  Hatchery  
  29  6:47  Extractor  
Tags
 
Add a new tag
Caveats
  • Supply blocks, unpowered buildings, or Contaminate may cause inaccurate times.
  • Supply counts are checked every 10 seconds.